 Dungeon Sprint DCSS version 0.30.1-4-g462c640d31 (webtiles) character file.

Game seed: 12458970370728315658

5771 Heoruswealwe the Ninja (level 10, -9/56 HPs)
             Began as a Spriggan Artificer on Sept 14, 2023.
             Was an Initiate of Gozag.
             Shot with an arrow by a centaur warrior (17 damage)
             ... in the Dungeon (Sprint I: "Red Sonja").
             The game lasted 00:11:21 (609 turns).

Heoruswealwe the Ninja (Spriggan Artificer)          Turns: 609, Time: 00:11:22

Health: -9/56      AC: 12    Str:  8    XL:     10   Next: 49%
Magic:  11/11      EV: 11    Int: 12    God:    Gozag
Gold:   146        SH:  0    Dex: 21    Spells: 9/9 levels left

rFire   . . .        a - +0 dagger (venom)
rCold   . . .        (no shield)
rNeg    . . .        n - +1 shadow dragon scales
rPois   .            (helmet restricted)
rElec   .            (no cloak)
rCorr   .            (gloves unavailable)
SInv    +            (boots unavailable)
Will    +....        (no amulet) Stlth *+++++++++
                     (no ring)
HPRegen 0.29/turn    (no ring)
MPRegen 0.12/turn

%: no teleportation
@: very quick
A: very small, no large weapons, unfitting armour, see invisible, speed 3
a: Renounce Religion, Potion Petition, Call Merchant, Bribe Branch


You were in the Dungeon.
You worshipped Gozag.
Gozag was aware of your devotion.
You visited 1 branch You collected 1307 gold pieces.
You spent 1125 gold pieces at shops.
You donated 36 gold pieces to Zin.

Inventory:

Hand Weapons
 a - a +0 dagger of venom (weapon)
Armour
 c - a +2 robe of fire resistance
 n - +1 shadow dragon scales (worn)
Wands
 b - a wand of flame (14) (quivered)
 d - a wand of charming (15)
 e - a wand of iceblast (1)
 i - a wand of roots (5)
 l - a wand of digging (5)
Scrolls
 j - a scroll of identify {unknown}
 k - a scroll of blinking
Potions
 f - 3 potions of curing
 h - a potion of haste
 m - a potion of ambrosia {unknown}


   Skills:
 + Level 8.0 Fighting
 + Level 10.3 Short Blades
 * Level 14.2 Dodging
 O Level 27 Stealth
 - Level 4.0 Evocations


You had 9 spell levels left.
You didn't know any spells.
Your spell library was empty.

Dungeon Overview and Level Annotations

Branches:
Dungeon (1/1)

Altars:
Cheibriados
Dithmenos
Elyvilon
Fedhas
Gozag
Hepliaklqana
Kikubaaqudgha
Makhleb
Nemelex Xobeh
Okawaru
Qazlal
Ru
Sif Muna
Trog
Uskayaw
Vehumet
Wu Jian
Xom
Yredelemnul
Zin
The Shining One
Jiyva
Lugonu

Shops:
D !!!![![


Innate Abilities, Weirdness & Mutations

You are very small and have problems with some larger weapons.
You are too small for most types of armour.
You have supernaturally acute eyesight. (SInv)
You cover ground extremely quickly. (Speed+++)


Message History

The centaur warrior shoots an arrow.
The arrow hits you!!
The centaur warrior shoots an arrow.
The arrow hits you!
The roots lose their grip on something. x2
You see here a +0 war axe.
You feel much better.
You barely miss the centaur warrior.
The centaur warrior is lightly wounded.
The centaur warrior unwields a +0 shortbow.
The centaur warrior hits you but does no damage.
The centaur warrior closely misses you.
You barely miss the centaur warrior.
The centaur warrior is lightly wounded.
You hit the centaur warrior but do no damage.
The centaur warrior is lightly wounded.
The centaur warrior hits you.
The centaur warrior kicks you but does no damage.
You hit the centaur warrior.
The centaur warrior is lightly wounded.
You hit the centaur warrior.
The centaur warrior is poisoned.
The centaur warrior is lightly wounded.
The centaur warrior closely misses you.
The centaur warrior kicks you but does no damage.
The centaur warrior hits you!
The centaur warrior kicks you but does no damage.
There is an open door, spattered with blood here.
The centaur warrior wields a +0 shortbow.
The centaur warrior shoots an arrow.
The arrow hits you!
Aiming: Iceblast
Press: ? - help, Shift-Dir - straight line, f/p - centaur warrior
Aim: a centaur warrior, wielding a +0 shortbow (lightly wounded, very poisoned)
The mass of ice explodes!
The iceblast engulfs the centaur warrior!!
The centaur warrior is heavily wounded.
The iceblast engulfs the centaur warrior!!
The centaur warrior is heavily wounded.
The centaur warrior shoots an arrow.
The arrow hits you!
* * * LOW HITPOINT WARNING * * *
The centaur warrior shoots an arrow.
The arrow hits you!
You die...
Your body crumbles into a pile of gold.

#.)#####'#####'#__####)..+
$
#..####..#...#.####§§#####
$ #..#__####..##(#~§§§§#$$
#..#_____##'#_.+~~§c§+
#⌠⌠#_.∩..÷'..._#~§§c§#$$
##.#_..__##_.#'##'###
#..#_____###'#.#§§)[### $
############.####c###.## $
#∩........'...@.c...'(∩#
###''''####.).########## $
$ #.......####.### $
#........#.#'#.# $ $
#..#.....#.....# $ $
#........#.((..#
#.....#..####### $
#........# $ #..#.....# $
$


You could see 2 centaur warriors.

Vanquished Creatures
  Sonja (D)
  A deep troll (D)
  8 shining eyes (D)
  2 kobold demonologists (D)
  Sigmund (D)
  A slime creature (D)
  A yak (D)
  5 floating eyes (D)
  An ogre (D)
  A jelly (D)
  Ijyb (D)
  A ballistomycete spore (D)
24 creatures vanquished.

Vanquished Creatures (others)
  A ballistomycete spore (D)
1 creature vanquished.

Grand Total: 25 creatures vanquished

Notes
Turn   | Place    | Note
-------+----------+-------------------------------------------
     0 | D        | Heoruswealwe the Spriggan Artificer began the quest for the
                  | Orb.
     0 | D        | Reached XP level 1. HP: 9/9 MP: 2/2
     1 | D        | Noticed Ijyb
     6 | D        | Killed Ijyb
     7 | D        | Reached skill level 9 in Stealth
     7 | D        | Reached XP level 2. HP: 14/14 MP: 3/3
    33 | D        | Noticed an ogre
    36 | D        | Killed an ogre
    37 | D        | Reached skill level 14 in Stealth
    37 | D        | Reached XP level 3. HP: 17/17 MP: 4/4
    37 | D        | Reached XP level 4. HP: 21/21 MP: 5/5
    45 | D        | Noticed Sigmund
    48 | D        | Killed Sigmund
    49 | D        | Reached skill level 18 in Stealth
    49 | D        | Reached XP level 5. HP: 25/25 MP: 6/6
    49 | D        | Reached XP level 6. HP: 29/29 MP: 7/7
    60 | D        | Found an ornate altar of the Wu Jian Council.
    60 | D        | Found a shimmering blue altar of Sif Muna.
    62 | D        | Found a radiant altar of Vehumet.
    67 | D        | Reached skill level 19 in Stealth
    95 | D        | Found Xeuvam's Distillery.
    95 | D        | Found an ancient bone altar of Kikubaaqudgha.
    95 | D        | Found a hazy altar of Hepliaklqana.
    95 | D        | Found a stormy altar of Qazlal.
    95 | D        | Found a hide-covered altar of Uskayaw.
    95 | D        | Found a blossoming altar of Fedhas.
    95 | D        | Found a bloodstained altar of Trog.
    95 | D        | Found an iron altar of Okawaru.
    95 | D        | Found a basalt altar of Yredelemnul.
    95 | D        | Found a glowing golden altar of the Shining One.
    95 | D        | Found a snail-covered altar of Cheibriados.
    95 | D        | Found a sacrificial altar of Ru.
    95 | D        | Found a glowing silver altar of Zin.
    95 | D        | Found a shadowy altar of Dithmenos.
    95 | D        | Found a white marble altar of Elyvilon.
    95 | D        | Noticed a yak
    96 | D        | Found an opulent altar of Gozag.
    97 | D        | Killed a yak
    98 | D        | Reached skill level 21 in Stealth
    98 | D        | Found a sparkling altar of Nemelex Xobeh.
   103 | D        | Became a worshipper of Zin the Law-Giver
   103 | D        | Reached * piety under Zin
   103 | D        | Reached ** piety under Zin
   103 | D        | Reached *** piety under Zin
   103 | D        | Reached **** piety under Zin
   103 | D        | Reached ***** piety under Zin
   103 | D        | Reached ****** piety under Zin
   112 | D        | Noticed Sonja
   116 | D        | Killed Sonja
   117 | D        | Reached skill level 25 in Stealth
   117 | D        | Reached XP level 7. HP: 32/32 MP: 8/8
   117 | D        | Reached XP level 8. HP: 37/37 MP: 9/9
   131 | D        | Found Xefus's Distillery.
   142 | D        | Noticed a shining eye
   142 | D        | Noticed a shining eye
   142 | D        | Noticed a shining eye
   142 | D        | Noticed a shining eye
   142 | D        | Noticed a shining eye
   142 | D        | Noticed a shining eye
   145 | D        | Reached skill level 1 in Fighting
   145 | D        | Reached skill level 1 in Short Blades
   145 | D        | Noticed a shining eye
   145 | D        | Noticed a shining eye
   151 | D        | Reached skill level 5 in Dodging
   161 | D        | Killed a shining eye
   162 | D        | Reached skill level 5 in Short Blades
   205 | D        | Killed a shining eye
   206 | D        | Reached skill level 26 in Stealth
   206 | D        | Reached XP level 9. HP: 46/46 MP: 10/10
   223 | D        | Killed a shining eye
   224 | D        | Reached skill level 5 in Fighting
   241 | D        | Killed a shining eye
   263 | D        | Killed a shining eye
   264 | D        | Reached skill level 10 in Dodging
   290 | D        | Killed a shining eye
   291 | D        | Reached skill level 27 in Stealth
   304 | D        | Killed a shining eye
   305 | D        | Reached XP level 10. HP: 53/53 MP: 11/11
   326 | D        | Killed a shining eye
   345 | D        | Fell from the grace of Zin
   345 | D        | Became a worshipper of Gozag Ym Sagoz the Greedy
   353 | D        | Noticed a deep troll
   357 | D        | Killed a deep troll
   368 | D        | Found Buuddyite's Armour Emporium.
   441 | D        | Found Hymaosk's Distillery.
   441 | D        | Found Qeorufof's Antique Armour Shop.
   441 | D        | Found Humu's Distillery.
   441 | D        | Found Inej's Distillery.
   456 | D        | Bought an embroidered robe for 81 gold pieces
   513 | D        | Found a burning altar of Makhleb.
   513 | D        | Found a viscous altar of Jiyva.
   513 | D        | Found a shimmering altar of Xom.
   513 | D        | Found a corrupted altar of Lugonu.
   534 | D        | Reached skill level 10 in Short Blades
   577 | D        | Bought +1 shadow dragon scales for 1044 gold pieces
   594 | D        | Noticed a centaur warrior
   595 | D        | Noticed a centaur warrior
   609 | D        | Shot with an arrow by a centaur warrior

Illustrated notes

Levels and vault maps discovered:
D:        dungeon_sprint_1 [red_sonja_temple_1, red_sonja_temple_small_1]

Skill      XL: |  1  2  3  4  5  6  7  8  9 10 |
---------------+-------------------------------+-----
Stealth        | 9 14 18 25 26 27 | 27.0
Fighting       | 4 6 8 |  8.0
Short Blades   | 6 9 10 | 10.3
Dodging        | 8 11 14 | 14.2
Evocations     | |  4.0

Action                     |  1- 3 |  4- 6 |  7- 9 | 10-12 || total
---------------------------+-------+-------+-------+-------++-------
  Melee: Dagger            |     1 |     4 |   132 |    32 ||   169
         Punch             |       |       |     3 |       ||     3
  Evoke: Wand              |     5 |       |       |     2 ||     7
    Use: Potion            |       |       |       |     1 ||     1
   Stab: Sleeping          |     1 |     4 |     5 |     6 ||    16
 Armour: Shadow dragon sca |       |       |       |     4 ||     4
  Dodge: Dodged            |       |       |       |     4 ||     4
